 Dungeon Crawl Stone Soup version 0.23.2-1-ga50397a (webtiles) character file.

Game seed: 5596407530470006000

692 night the Grave Robber (level 7, -4/55 HPs)
             Began as a Deep Dwarf Necromancer on Apr 28, 2019.
             Slain by a gnoll
             ... wielding a +0 halberd
              (10 damage)
             ... on level 4 of the Dungeon.
             The game lasted 00:14:19 (4882 turns).

night the Grave Robber (Deep Dwarf Necromancer)     Turns: 4882, Time: 00:14:20

Health: -4/55      AC:  4    Str: 12    XL:     7   Next: 36%
Magic:  2/13       EV: 12    Int: 17    God:
Gold:   149        SH:  0    Dex: 13    Spells: 6/14 levels left

rFire    . . .     SeeInvis .   h - +0 whip
rCold    . . .     Gourm    .   (no shield)
rNeg     . . .     Faith    .   s - +1 robe {MR+}
rPois    .         Spirit   .   (no helmet)
rElec    .         Reflect  .   (no cloak)
rCorr    .         Harm     .   (no gloves)
MR       ++...                  m - +0 pair of boots
Stlth    ++........             (no amulet)
HPRegen  0.00/turn              (no ring)
MPRegen  0.13/turn              (no ring)

@: non-regenerating
A: damage resistance, heal wounds, sense surroundings 1, no regeneration
a: Heal Wounds


You were on level 4 of the Dungeon.
You were not hungry.

You visited 1 branch of the dungeon, and saw 4 of its levels.

You collected 149 gold pieces.

Inventory:

Hand Weapons
 h - a +0 whip (weapon)
 q - a +0 shortbow
Missiles
 f - 10 sling bullets
 g - 86 stones (quivered)
 r - 27 arrows
Armour
 a - a +0 robe
 m - a +0 pair of boots (worn)
 s - a +1 robe of magic resistance (worn)
 t - a +0 pair of gloves
Scrolls
 b - 2 scrolls of amnesia {unknown}
 d - 3 scrolls of identify {unknown}
 i - 2 scrolls of remove curse {unknown}
 k - 2 scrolls of teleportation {unknown}
 p - a scroll of blinking {unknown}
Potions
 e - 3 potions of curing {unknown}
 j - a potion of flight {unknown}
 l - a potion of lignification {unknown}
 o - a potion of magic {unknown}
 u - a potion of ambrosia {unknown}
Comestibles
 c - 8 rations


   Skills:
 + Level 4.3 Maces & Flails
 - Level 2.1 Dodging
 - Level 2.4 Stealth
 + Level 4.2 Spellcasting
 + Level 6.8 Necromancy


You had 6 spell levels left.
You knew the following spells:

 Your Spells              Type           Power        Failure   Level  Hunger
a - Pain                  Necr           ####         1%          1    None
b - Vampiric Draining     Necr           ####......   2%          3    ###....
c - Animate Dead          Necr           N/A          10%         4    ####...

Your spell library contained the following spells:

 Spells                   Type           Power        Failure   Level  Hunger
 Animate Skeleton         Necr           N/A          1%          1    None
 Regeneration             Chrm/Necr      Unusable     N/A         3    N/A

Dungeon Overview and Level Annotations

Branches:
Dungeon (4/15)
 Temple: D:4-7

Altars:
Ashenzari
Cheibriados
Elyvilon
Fedhas
Nemelex Xobeh
Ru


Innate Abilities, Weirdness & Mutations

You are resistant to damage.
You can heal yourself by infusing magical energy.
You passively map a small area around you.
You do not regenerate.


Message History

A gnoll comes into view. It is wielding a +0 halberd.
You hit the orc.
You kill the orc!
You miss the frilled lizard.
A gnoll comes into view.
You barely miss the frilled lizard. The frilled lizard barely misses you.
You barely miss the frilled lizard. The frilled lizard closely misses you.
You hit the frilled lizard.
You kill the frilled lizard!
You hit the iguana but do no damage. The gnoll barely misses you.
A scorpion comes into view.
The iguana barely misses you.
You hit the iguana but do no damage. The gnoll barely misses you.
The iguana bites you!
* * * LOW HITPOINT WARNING * * *
You barely miss the iguana.
The gnoll hits you from afar with a +0 halberd!
* * * LOW HITPOINT WARNING * * *
The gnoll hits you from afar with a +0 halberd!
You die...

..#..*#.%... *
,, ,
.....##..#.#
,** *
...........###
*
...o.......<.#*
,
.............#
.............#
,
.......##gg###
....... ##l##
,# * .......
##@.###.#
..?....
#.......#
.......
#.......#
.......
#.......#
.......
#.......#
#.......# , , *
######### *


You could see an iguana and 2 gnolls.

Vanquished Creatures
  Grinder (D:3)
  Sigmund (D:3)
  A centaur (D:3)
  4 orc wizards
  A gnoll (D:4)
  6 adders
  An ooze (D:1)
  A worm (D:2)
  A dart slug (D:3)
  4 leopard geckos
  7 orcs
  11 bats
  7 giant cockroaches
  10 hobgoblins
  7 jackals
  2 quokkas (D:2)
  4 ball pythons
  3 frilled lizards
  6 goblins
  7 kobolds
  8 rats
93 creatures vanquished.

Notes
Turn   | Place    | Note
-------+----------+-------------------------------------------
     0 | D:1      | night the Deep Dwarf Necromancer began the quest for the
                  | Orb.
     0 | D:1      | Reached XP level 1. HP: 15/15 MP: 3/3
   315 | D:1      | Reached XP level 2. HP: 22/22 MP: 3/5
   694 | D:1      | Reached skill level 1 in Maces & Flails
   863 | D:1      | Reached XP level 3. HP: 25/28 MP: 0/6
   878 | D:1      | Learned a level 3 spell: Vampiric Draining
  1729 | D:2      | Reached skill level 5 in Necromancy
  2118 | D:2      | Reached XP level 4. HP: 25/36 MP: 1/7
  2190 | D:2      | Found a sacrificial altar of Ru.
  3019 | D:2      | Found a shattered altar of Ashenzari.
  3865 | D:3      | Reached XP level 5. HP: 40/42 MP: 1/9
  3958 | D:3      | Noticed Grinder
  3980 | D:3      | Paralysed by Grinder for 4 turns
  3986 | D:3      | Killed Grinder
  3986 | D:3      | Reached skill level 6 in Necromancy
  3986 | D:3      | Reached XP level 6. HP: 19/49 MP: 5/11
  4214 | D:3      | Found a blossoming altar of Fedhas.
  4214 | D:3      | Found a white marble altar of Elyvilon.
  4427 | D:3      | Reached XP level 7. HP: 17/55 MP: 1/12
  4529 | D:3      | Found a sparkling altar of Nemelex Xobeh.
  4540 | D:3      | Found a snail-covered altar of Cheibriados.
  4541 | D:3      | Noticed Sigmund
  4548 | D:3      | Killed Sigmund
  4848 | D:4      | Learned a level 4 spell: Animate Dead
  4882 | D:4      | Slain by a gnoll

Skill      XL: |  1  2  3  4  5  6  7 |
---------------+----------------------+-----
Spellcasting   | 2 3 4 |  4.2
Maces & Flails | 1 2 3 4 |  4.3
Necromancy     | 5 6 |  6.8
Dodging        | |  2.1
Stealth        | |  2.4

Action                   |  1- 3 |  4- 6 |  7- 9 || total
-------------------------+-------+-------+-------++-------
Melee: Whip              |    57 |    61 |    14 ||   132
Throw: Stone             |       |     2 |       ||     2
 Cast: Pain              |    54 |    32 |     6 ||    92
       Vampiric Draining |    17 |    34 |     8 ||    59
       Animate Dead      |       |       |     1 ||     1
 Abil: Heal Wounds       |       |     1 |     1 ||     2
Evoke: Wand              |       |     5 |       ||     5
  Eat: Chunk             |     6 |    11 |     3 ||    20
Armor: Robe              |    16 |    14 |     4 ||    34
Dodge: Dodged            |    63 |    62 |    11 ||   136
